General information
- name: BNet
- type: Ladder team game (AT/RT)
- host: Battle.net
- saver: GODIEPLZ
map: GnollWood
- players: 6
- length: 15:15
- speed: Fast
- version: 1.24 W3XP
- replay type: Public
» download(127 KB)
Players
team 1 (winner)
CoLeGePaRtYeR17 (
green | 102 APM | 1553 actions | 15:14)
3 Archmage
2 Summon Water Elemental
1 Brilliance Aura
2 Mountain King
1 Storm Bolt
1 Bash
» actions
| Assign group hotkey | 28 | |
| Basic commands | 58 | |
| Build / train | 39 | |
| Enter build submenu | 17 | |
| Enter hero's abilities submenu | 5 | |
| Give item / drop item | 1 | |
| Remove unit from queue | 1 | |
| Right click | 869 | |
| Select / deselect | 333 | |
| Select group hotkey | 155 | |
| Use ability | 47 | |
1553 total
» units
| Peasant | 8 | |
| Footman | 6 | |
| Spell Breaker | 3 | |
| Priest | 2 | |
19 total
» upgrades
| Priest Training | 1 | |
| Swords | 2 | |
| Plating | 2 | |
5 total
» buildings
| Altar of Kings | 1 | |
| Farm | 7 | |
| Barracks | 1 | |
| Keep | 1 | |
| Scout Tower | 1 | |
| Arcane Tower | 1 | |
| Arcane Vault | 1 | |
| Blacksmith | 1 | |
| Lumber Mill | 1 | |
| Arcane Sanctum | 2 | |
| Castle | 1 | |
18 total
» build order
00:05 Altar of Kings
00:31 Farm
00:52 Barracks
01:38 Farm
03:18 Keep
03:21 Scout Tower
03:48 Arcane Tower
03:55 Arcane Vault
05:07 Farm
05:44 Blacksmith
05:47 Lumber Mill
05:52 Farm
06:38 Arcane Sanctum
06:40 Arcane Sanctum
08:19 Farm
08:20 Farm
09:38 Farm
12:24 Castle
» items
| Scroll of Regeneration | 2 | |
| Scroll of Town Portal | 1 | |
3 total
GODIEPLZ (
yellow | 114 APM | 1740 actions | 15:15)
4 Death Knight
2 Death Coil
2 Unholy Aura
1 Lich
1 Frost Nova
» actions
| Assign group hotkey | 19 | |
| Basic commands | 76 | |
| Build / train | 46 | |
| ESC pressed | 5 | |
| Enter build submenu | 16 | |
| Enter hero's abilities submenu | 5 | |
| Right click | 737 | |
| Select / deselect | 435 | |
| Select group hotkey | 300 | |
| Use ability | 101 | |
1740 total
» units
| Acolyte | 10 | |
| Ghoul | 3 | |
| Crypt Fiend | 7 | |
| Obsidian Statue | 1 | |
21 total
» upgrades
| Creature Attack | 1 | |
| Burrow | 1 | |
| Web | 1 | |
| Destroyer Form | 1 | |
4 total
» buildings
| Crypt | 1 | |
| Graveyard | 1 | |
| Altar of Darkness | 1 | |
| Ziggurat | 8 | |
| Tomb of Relics | 1 | |
| Spirit Tower | 3 | |
| Halls of the Dead | 1 | |
| Slaughterhouse | 1 | |
| Black Citadel | 1 | |
18 total
» build order
00:10 Crypt
00:24 Graveyard
00:46 Altar of Darkness
01:04 Ziggurat
01:28 Tomb of Relics
01:53 Ziggurat
01:57 Spirit Tower
03:18 Spirit Tower
04:44 Halls of the Dead
05:14 Ziggurat
06:19 Ziggurat
07:59 Slaughterhouse
09:45 Black Citadel
13:52 Ziggurat
13:53 Ziggurat
13:55 Ziggurat
14:13 Ziggurat
15:13 Spirit Tower
» items
| Rod of Necromancy | 3 | |
| Scroll of Town Portal | 2 | |
| Potion of Healing | 2 | |
| Scroll of Healing | 1 | |
| Orb of Corruption | 1 | |
9 total
JumpStop (
pink | 101 APM | 1536 actions | 15:14)
4 Blademaster
2 Wind Walk
2 Critical Strike
» actions
| Assign group hotkey | 64 | |
| Basic commands | 4 | |
| Build / train | 42 | |
| ESC pressed | 1 | |
| Enter build submenu | 26 | |
| Enter hero's abilities submenu | 4 | |
| Right click | 749 | |
| Select / deselect | 174 | |
| Select group hotkey | 400 | |
| Use ability | 72 | |
1536 total
» units
» upgrades
| Ranged Weapons | 1 | |
| Liquid Fire | 2 | |
| Reinforced Defenses | 1 | |
| Pillage | 1 | |
5 total
» buildings
| Altar of Storms | 1 | |
| Orc Burrow | 4 | |
| Voodoo Lounge | 1 | |
| War Mill | 2 | |
| Stronghold | 1 | |
| Watch Tower | 8 | |
| Fortress | 1 | |
| Spirit Lodge | 1 | |
| Beastiary | 2 | |
| Great Hall | 1 | |
22 total
» build order
00:09 Altar of Storms
00:17 Orc Burrow
00:48 Voodoo Lounge
01:14 War Mill
01:18 War Mill
02:20 Stronghold
02:37 Watch Tower
02:54 Watch Tower
03:19 Watch Tower
04:44 Fortress
05:11 Spirit Lodge
05:12 Beastiary
05:21 Beastiary
06:54 Orc Burrow
09:00 Orc Burrow
09:09 Watch Tower
10:01 Watch Tower
12:25 Great Hall
12:42 Watch Tower
13:25 Orc Burrow
13:52 Watch Tower
15:14 Watch Tower
» items
| Healing Salve | 2 | |
| Lesser Clarity Potion | 5 | |
| Circlet of Nobility | 2 | |
| Boots of Speed | 1 | |
| Staff of Teleportation | 1 | |
| Orb of Lightning | 1 | |
12 total
team 2 (loser)
Snamuh.Aes (
blue | 113 APM | 1720 actions | 15:13)
3 Warden
2 Shadow Strike
1 Fan of Knives
» actions
| Assign group hotkey | 14 | |
| Basic commands | 59 | |
| Build / train | 51 | |
| ESC pressed | 3 | |
| Enter build submenu | 18 | |
| Enter hero's abilities submenu | 3 | |
| Give item / drop item | 6 | |
| Right click | 838 | |
| Select / deselect | 312 | |
| Select group hotkey | 336 | |
| Use ability | 80 | |
1720 total
» units
| Wisp | 24 | |
| Archer | 2 | |
| Forest Troll Shadow Priest | 3 | |
| Forest Troll Berserker | 2 | |
| Druid of the Talon | 2 | |
33 total
» upgrades
» buildings
| Altar of Elders | 1 | |
| Moon Well | 10 | |
| Ancient of War | 1 | |
| Tree of Ages | 1 | |
| Hunter's Hall | 1 | |
| Ancient of Wind | 1 | |
| Tree of Eternity | 1 | |
| Ancient of Wonders | 1 | |
| Ancient Protector | 2 | |
19 total
» build order
00:06 Altar of Elders
00:17 Moon Well
00:33 Ancient of War
01:36 Moon Well
02:02 Moon Well
03:35 Tree of Ages
04:36 Moon Well
04:47 Moon Well
05:36 Hunter's Hall
06:55 Ancient of Wind
08:00 Moon Well
08:01 Moon Well
08:03 Moon Well
08:06 Tree of Eternity
09:39 Ancient of Wonders
09:41 Moon Well
12:21 Ancient Protector
12:22 Ancient Protector
12:38 Moon Well
» items
| Dust of Appearance | 3 | |
| Boots of Speed | 1 | |
| Staff of Teleportation | 1 | |
| Circlet of Nobility | 1 | |
| Lesser Clarity Potion | 1 | |
| Orb of Venom | 1 | |
| Scroll of Town Portal | 1 | |
9 total
Snamuh.Kazi (
purple | 55 APM | 838 actions | 15:14)
2 Warden
1 Shadow Strike
1 Blink
» actions
| Assign group hotkey | 18 | |
| Basic commands | 1 | |
| Build / train | 30 | |
| Enter build submenu | 29 | |
| Enter hero's abilities submenu | 2 | |
| Right click | 444 | |
| Select / deselect | 144 | |
| Select group hotkey | 86 | |
| Use ability | 84 | |
838 total
» units
» buildings
| Moon Well | 24 | |
| Altar of Elders | 1 | |
| Tree of Ages | 1 | |
| Ancient of Wonders | 1 | |
| Ancient of War | 2 | |
| Ancient of Wind | 1 | |
30 total
» build order
00:10 Moon Well
00:13 Moon Well
00:39 Altar of Elders
01:12 Moon Well
02:09 Moon Well
02:29 Moon Well
03:17 Moon Well
03:27 Moon Well
03:51 Moon Well
04:19 Moon Well
04:38 Moon Well
05:10 Moon Well
05:12 Moon Well
05:27 Moon Well
05:46 Moon Well
06:23 Moon Well
06:25 Moon Well
06:53 Tree of Ages
07:24 Moon Well
08:02 Moon Well
08:04 Moon Well
08:04 Moon Well
08:18 Ancient of Wonders
08:59 Moon Well
09:17 Moon Well
10:15 Ancient of War
10:32 Ancient of Wind
10:37 Moon Well
10:39 Moon Well
11:05 Ancient of War
» items
| Boots of Speed | 1 | |
| Staff of Teleportation | 1 | |
| Potion of Healing | 1 | |
3 total
Snamuh.Lone (
red | 88 APM | 1343 actions | 15:11)
1 Demon Hunter
1 Mana Burn
1 Pandaren Brewmaster
1 Breath of Fire
» actions
| Assign group hotkey | 18 | |
| Build / train | 31 | |
| Enter build submenu | 22 | |
| Enter hero's abilities submenu | 2 | |
| Give item / drop item | 1 | |
| Right click | 748 | |
| Select / deselect | 190 | |
| Select group hotkey | 268 | |
| Use ability | 63 | |
1343 total
» units
» upgrades
» buildings
| Altar of Elders | 1 | |
| Moon Well | 14 | |
| Ancient of War | 1 | |
| Tree of Ages | 2 | |
| Ancient of Wonders | 1 | |
| Tree of Eternity | 1 | |
| Ancient of Wind | 1 | |
| Chimaera Roost | 2 | |
| Hunter's Hall | 1 | |
24 total
» build order
00:09 Altar of Elders
00:20 Moon Well
01:23 Moon Well
01:34 Ancient of War
02:17 Moon Well
02:45 Tree of Ages
04:19 Moon Well
04:22 Moon Well
05:06 Moon Well
05:15 Moon Well
06:09 Ancient of Wonders
06:11 Moon Well
07:26 Tree of Eternity
07:48 Ancient of Wind
08:36 Moon Well
08:39 Moon Well
08:46 Moon Well
09:02 Moon Well
10:02 Chimaera Roost
10:05 Chimaera Roost
10:10 Moon Well
11:05 Moon Well
14:27 Hunter's Hall
» items
| Boots of Speed | 1 | |
| Circlet of Nobility | 1 | |
| Staff of Teleportation | 1 | |
| Staff of Preservation | 2 | |
| Orb of Venom | 1 | |
6 total
Chat log
(00:03 / Allies) JumpStop: panda?
(00:04 / Allies) GODIEPLZ: uh oh lone gimmick strat
(00:04 / All) Snamuh.Kazi: ORSK
(00:05 / All) Snamuh.Kazi: !!!
(00:11 / All) Snamuh.Lone: orsk?
(00:15 / All) GODIEPLZ: i dont like you
(00:16 / All) Snamuh.Kazi: gelato?
(00:20 / All) Snamuh.Kazi: yes u do
(00:22 / All) Snamuh.Kazi: wtf orsk
(00:24 / All) Snamuh.Kazi: fu
(00:29 / All) GODIEPLZ: bye preteamers
(00:29 / All) Snamuh.Kazi: u know who i am
(00:32 / All) Snamuh.Lone: ?
(00:34 / All) Snamuh.Lone: lol
(00:40 / Allies) JumpStop: check
(00:41 / All) Snamuh.Lone: godie are you orsk
(00:42 / Allies) JumpStop: ur taverns btw
(00:44 / All) Snamuh.Kazi: hows hockey season
(00:47 / All) Snamuh.Lone: from back in the day
(00:50 / All) Snamuh.Kazi: you fucking canuck
(00:52 / All) GODIEPLZ: yes
(00:53 / Allies) JumpStop: scout
(00:58 / All) Snamuh.Kazi: Skylz-Kazi
(00:59 / Allies) GODIEPLZ: why does skip
(01:00 / Allies) CoLeGePaRtYeR17: iè
(01:01 / Allies) GODIEPLZ: have
(01:03 / Allies) CoLeGePaRtYeR17: going to harass
(01:05 / Allies) JumpStop: k
(01:07 / Allies) CoLeGePaRtYeR17: 5 man altared
(01:11 / Allies) GODIEPLZ: twenty million names
(01:13 / Allies) CoLeGePaRtYeR17: cancel hall
(01:41 / All) GODIEPLZ: are u doing some dumb gimmick
(01:50 / Allies) JumpStop: what the fuck
(02:04 / All) Snamuh.Lone: i played with axslav for kod when you played with gelato
(02:06 / All) GODIEPLZ: Wisp switch
(02:08 / All) GODIEPLZ: nice
(02:27 / All) Snamuh.Lone: we pwned jng in wpl
(02:30 / All) GODIEPLZ: good
(03:10 / Allies) GODIEPLZ: wtf is this tri elf
(03:15 / Allies) GODIEPLZ: wtf?
(03:51 / All) Snamuh.Lone: lol
(03:59 / All) Snamuh.Lone: so brutal :(
(04:01 / Allies) GODIEPLZ: ?
(05:14 / Allies) CoLeGePaRtYeR17: oops
(05:17 / Allies) CoLeGePaRtYeR17: am isnt rezzed
(05:19 / Allies) CoLeGePaRtYeR17: cause of food
(06:25 / Allies) GODIEPLZ: they got a panda
(07:20 / All) GODIEPLZ: why u guys doin this
(08:09 / Allies) GODIEPLZ: they're massing wells
(08:14 / Allies) JumpStop: good
(08:15 / Allies) JumpStop: easy to beat
(08:35 / Allies) JumpStop: get ane xpo up green
(08:50 / Allies) CoLeGePaRtYeR17: sure man
(10:31 / All) GODIEPLZ: D
(12:10 / Allies) CoLeGePaRtYeR17: this
(12:12 / Allies) CoLeGePaRtYeR17: will take awhile
(15:09 / Allies) CoLeGePaRtYeR17: almost done...